 Dungeon Crawl Stone Soup version 0.27-a0-828-g8289197e94 (webtiles) character file.

Game seed: 8974048861157461383

6513 dickylongcocking the Fighter (level 11, -9/81 HPs)
             Began as a Djinni Fire Elementalist on Mar 31, 2021.
             Was a Priest of Makhleb.
             Mangled by a death yak (24 damage)
             ... on level 9 of the Dungeon.
             The game lasted 00:16:28 (13475 turns).

dickylongcocking the Fighter (DjFE)                Turns: 13475, Time: 00:16:29

Health: -9/81      AC: 11    Str:  5    XL:     11   Next: 0%
Gold:   267        EV: 12    Int: 21    God:    Makhleb [***...] SH:  0 Dex: 13

rFire    + + .     SeeInvis .   p - staff of conjuration
rCold    x . .     Faith    .   (no shield)
rNeg     . . .     Spirit   .   C - +0 steam dragon scales
rPois    ∞         Reflect  .   n - +0 helmet
rElec    .         Harm     .   m - +0 cloak
rCorr    .         Rampage  .   M - +1 pair of gloves
Will     +....                  (boots unavailable)
Stlth    ++........             (no amulet)
HPRegen  0.23/turn              r - ring of ice
MPRegen  0.00/turn              F - ring of fire

@: about to teleport, flying, very slightly contaminated
A: fire resistance 2, cold vulnerability 1, float, innate caster, hp casting,
extra vitality 1, weak 1, MP-powered wands
a: Renounce Religion, Minor Destruction, Lesser Servant of Makhleb


You were on level 9 of the Dungeon.
You worshipped Makhleb.
Makhleb was most pleased with you.
You visited 1 branch of the dungeon, and saw 9 of its levels.
You also visited: Ossuary.

You collected 592 gold pieces.
You spent 325 gold pieces at shops.

Inventory:

Hand Weapons
 d - a +0 war axe
 j - a +0 falchion
 k - a +1 falchion of electrocution
 q - a +0 long sword of protection
Armour
 a - a +0 robe
 b - a +0 pair of gloves
 m - a +0 cloak (worn)
 n - a +0 helmet (worn)
 C - +0 steam dragon scales (worn)
 E - +0 acid dragon scales
 M - a +1 pair of gloves (worn)
Magical Staves
 c - a staff of air
 p - a staff of conjuration (weapon)
Jewellery
 r - a ring of ice (left hand)
 F - a ring of fire (right hand)
 I - the ring "Awabbos" {rElec Str-5 Slay+2 SInv}
   (You found it on level 7 of the Dungeon)

   [ring of see invisible]

   It affects your strength (-5).
   It affects your accuracy and damage with ranged weapons and melee attacks
   (+2).
   It insulates you from electricity.
   It lets you see invisible.
Wands
 h - a wand of polymorph (11)
 t - a wand of digging (4)
 w - a wand of iceblast (8)
 A - a wand of paralysis (6)
 D - a wand of flame (24)
 N - a wand of charming (13)
Scrolls
 e - a scroll of amnesia {unknown}
 f - 13 scrolls of identify
 g - 5 scrolls of immolation
 i - 2 scrolls of holy word
 l - 2 scrolls of magic mapping {unknown}
 o - 2 scrolls of fog {unknown}
 s - 2 scrolls of enchant weapon
 u - a scroll of blinking {unknown}
 x - 3 scrolls of teleportation
 y - 6 scrolls of noise
 H - a scroll of torment {unknown}
 K - a scroll of summoning {unknown}
Potions
 v - 4 potions of curing
 z - 2 potions of flight
 B - 6 potions of degeneration
 J - a potion of ambrosia {unknown}
 L - a potion of heal wounds {unknown}


   Skills:
 * Level 8.2 Fighting
 * Level 7.5 Long Blades
 * Level 6.6 Armour
 - Level 2.4 Dodging
 - Level 2.1 Stealth
 * Level 8.1 Spellcasting


You couldn't memorise any spells.
You knew the following spells:

 Your Spells              Type           Power      Damage    Failure   Level
a - Foxfire               Conj/Fire      100%       2x1d9     1%          1
b - Conjure Flame         Conj/Fire      77%        6-21      1%          3
c - Inner Flame           Hex/Fire       59%        N/A       1%          3
d - Sticky Flame          Conj/Fire      77%        2d9       2%          4
e - Fireball              Conj/Fire      38%        3d16      8%          5
f - Freeze                Ice            100%       1d11      1%          1
g - Blink                 Tloc           N/A        N/A       1%          2
h - Corpse Rot            Necr/Air       N/A        N/A       1%          2
i - Iskenderun's Battles  Conj           59%        2d11      8%          5
x - Mephitic Cloud        Conj/Pois/Air  59%        N/A       1%          3
Your spell library was empty.

Dungeon Overview and Level Annotations

Branches:
Dungeon (9/15)             Temple (0/1) D:7            Lair (0/6) D:9
Ossuary (visited)
    Orc: D:9-12

Altars:
Dithmenos
Elyvilon
Fedhas
Gozag
Hepliaklqana
Makhleb
Nemelex Xobeh
Ru
Trog
Xom

Shops:
D:6 =   D:8 *

Annotations:
D:5 exclusion: phantom


Innate Abilities, Weirdness & Mutations

You are immune to poison.
Your flesh is very heat resistant. (rF++)
You are vulnerable to cold. (rC-)
You float through the air rather than walking.
You learn spells naturally, not from books.
Your magical power is your life essence.
You have superior vitality. (+4 HP)
You are weak. (Str -2)
You expend health (3 HP) to strengthen your wands.


Message History

Unknown command.
Casting: Inner Flame (safe; 1% risk of failure)
Confirm with . or Enter, or press ? or * to list all spells.
Okay, then.
Okay, then.
Okay, then.
The death yak gores you.
You reach down and open the door.
The death yak barely misses you.
There is an open door here.
Casting: Inner Flame (safe; 1% risk of failure)
Confirm with . or Enter, or press ? or * to list all spells.
Okay, then.
Casting: Inner Flame (safe; 1% risk of failure)
Confirm with . or Enter, or press ? or * to list all spells.
Okay, then.
Casting: Inner Flame (safe; 1% risk of failure)
Confirm with . or Enter, or press ? or * to list all spells.
You feel a surge of power!
You miscast Iskenderun's Battlesphere.
You are very lightly contaminated with residual magic.
You feel a strange surge of energy!
Unknown command.
Unknown command.
Okay, then.
Okay, then.
Okay, then.
As you read the scroll labelled RUFATA CAZUMN, it crumbles to dust.
You hear a loud clanging noise!
It was a scroll of noise.
The death yak gores you but does no damage.
As you read the scroll labelled WUFFYSABU, it crumbles to dust.
It is a scroll of enchant weapon.
Your +0 falchion of electrocution glows red for a moment.
The death yak barely misses you. The death yak gores you.
As you read the scroll labelled EDWURPH WUSMIJA, it crumbles to dust.
You feel strangely unstable.
It was a scroll of teleportation.
The death yak gores you!
* * * LOW HITPOINT WARNING * * *
The death yak gores you!!
You die...

#################
#................
#.....Y..........
#...YY...........
#..Y.####'####..
#.@YY#....Y..### ..
#....#...Y.....# .
#....#....|>.>.###.
#....#...........+.
#....+...........##
#....#...........<#
#....#....<........
#....#.............
...####+####.


You could see 6 death yaks.

Vanquished Creatures
  A two-headed ogre (D:8)
  2 death yaks (D:8)
  A moth of wrath (D:7)
  Maggie (D:6)
  Grinder (D:6)
  The ghost of spiderkeys the Grave Robber, an amateur DsNe (D:3)
  Sigmund (D:5)
  A vampire (D:3)
  2 steam dragons (D:6)
  Eustachio (D:5)
  Menkaure (D:5)
  An orc warrior (D:8)
  An ice beast (D:5)
  A sky beast (D:8)
  2 necrophages
  An ogre (D:5)
  A centaur (D:6)
  A phantom (D:5)
  A kobold brigand (D:8)
  Blork the orc (D:6)
  5 bullfrogs
  3 gnoll sergeants
  4 scorpions
  A water moccasin skeleton (D:6)
  4 killer bees (D:3)
  A wight (D:3)
  An electric eel (D:6)
  A bullfrog zombie (D:6)
  3 hounds
  A jelly (D:5)
  A gnoll shaman (D:4)
  A human zombie (Ossuary)
  2 orc priests (D:6)
  A bullfrog skeleton (D:6)
  Natasha (thrice) (D:3)
  3 iguanas (D:5)
  3 orc wizards
  A hound zombie (D:5)
  A hound skeleton (D:4)
  4 mummies (Ossuary)
  14 gnolls
  7 adders
  An ufetubus (D:6)
  An adder skeleton (D:4)
  6 worms
  2 dart slugs
  12 orcs
  7 endoplasms
  5 giant cockroaches
  4 hobgoblins
  4 jackals
  7 kobolds
  2 quokkas
  6 ball pythons
  2 bats
  4 frilled lizards
  A gnoll zombie (Ossuary)
  7 goblins
  3 goblin zombies (Ossuary)
  A hobgoblin zombie (Ossuary)
  A kobold zombie (Ossuary)
  An orc zombie (Ossuary)
  9 rats
174 creatures vanquished.

Vanquished Creatures (others)
  305 foxfires
305 creatures vanquished.

Grand Total: 479 creatures vanquished

Notes
Turn   | Place    | Note
-------+----------+-------------------------------------------
     0 | D:1      | dickylongcocking the Djinni Fire Elementalist began the
                  | quest for the Orb.
     0 | D:1      | Reached XP level 1. HP: 15/15 MP: 0/0
   414 | D:1      | Reached XP level 2. HP: 16/21 MP: 0/0
  1062 | D:1      | Found a burning altar of Makhleb.
  1103 | D:1      | Became a worshipper of Makhleb the Destroyer
  1253 | D:2      | Reached XP level 3. HP: 19/25 MP: 0/0
  1253 | D:2      | Learned a level 1 spell: Freeze
  2163 | D:2      | Reached XP level 4. HP: 11/31 MP: 0/0
  2803 | D:3      | Noticed a necrophage
  2825 | D:3      | Killed a necrophage
  2826 | D:3      | Reached skill level 1 in Fighting
  2826 | D:3      | Reached skill level 1 in Long Blades
  2826 | D:3      | Reached XP level 5. HP: 32/37 MP: 0/0
  2826 | D:3      | Learned a level 2 spell: Blink
  3037 | D:3      | Reached * piety under Makhleb
  3116 | D:3      | Found a runed translucent gate.
  3118 | D:3      | Found a runed translucent gate.
  3131 | D:3      | Found a runed translucent gate.
  3132 | D:3      | Found an opulent altar of Gozag.
  3133 | D:3      | Noticed a vampire
  3134 | D:3      | Noticed spiderkeys's ghost (amateur DsNe)
  3295 | D:3      | Noticed Natasha
  3298 | D:3      | Killed Natasha
  3299 | D:3      | Reached XP level 6. HP: 43/43 MP: 0/0
  4432 | D:3      | Found a sparkling altar of Nemelex Xobeh.
  4515 | D:3      | Noticed Natasha
  4526 | D:3      | Killed Natasha
  4527 | D:3      | Reached XP level 7. HP: 30/50 MP: 0/0
  4527 | D:3      | Learned a level 2 spell: Corpse Rot
  4737 | D:3      | Noticed Natasha
  4748 | D:3      | Killed Natasha
  4966 | D:3      | Killed spiderkeys's ghost
  4967 | D:3      | Reached skill level 5 in Spellcasting
  5240 | D:3      | Killed a vampire
  5241 | D:3      | Reached XP level 8. HP: 17/58 MP: 0/0
  6256 | D:4      | Found a hazy altar of Hepliaklqana.
  6256 | D:4      | Found an opulent altar of Gozag.
  6324 | D:5      | Entered Level 5 of the Dungeon
  6414 | D:5      | Reached skill level 1 in Armour
  6536 | D:5      | Found a blossoming altar of Fedhas.
  6580 | D:5      | Noticed Sigmund
  6592 | D:5      | Killed Sigmund
  6593 | D:5      | Reached skill level 5 in Fighting
  6772 | D:5      | Noticed Menkaure
  6773 | D:5      | Killed Menkaure
  6811 | D:5      | Found a sand-covered staircase.
  6825 | Ossuary  | Entered an ossuary
  7177 | Ossuary  | Reached skill level 5 in Long Blades
  7523 | D:5      | Reached XP level 9. HP: 20/65 MP: 0/0
  7523 | D:5      | Learned a level 3 spell: Mephitic Cloud
  7526 | D:5      | Reached ** piety under Makhleb
  7536 | D:5      | Gained mutation: You are weak. (Str -2) [potion of
                  | mutation]
  7536 | D:5      | Gained mutation: You expend health (3 HP) to strengthen
                  | your wands. [potion of mutation]
  8250 | D:6      | Noticed Eustachio
  8535 | D:5      | Killed Eustachio
  8983 | D:6      | Noticed Blork the orc
  8986 | D:6      | Killed Blork the orc
  9330 | D:6      | Noticed Grinder
  9350 | D:6      | Killed Grinder
  9741 | D:6      | Found a white marble altar of Elyvilon.
  9748 | D:6      | Noticed Maggie
  9757 | D:6      | Killed Maggie
 10143 | D:6      | Found Niuzelen's Jewellery Shop.
 10276 | D:6      | Bought a ring of fire for 325 gold pieces
 10570 | D:7      | Found a staircase to the Ecumenical Temple.
 10580 | D:7      | Identified the ring "Awabbos" {rElec Str-5 Slay+2 SInv}
 10663 | D:7      | Reached XP level 10. HP: 65/73 MP: 0/0
 10803 | D:7      | Reached skill level 5 in Armour
 11010 | D:7      | Found a shimmering altar of Xom.
 11010 | D:7      | Found a shadowy altar of Dithmenos.
 11253 | D:7      | Noticed a moth of wrath
 11456 | D:7      | Killed a moth of wrath
 11796 | D:7      | Found a bloodstained altar of Trog.
 11811 | D:7      | Found a sacrificial altar of Ru.
 12060 | D:8      | Reached *** piety under Makhleb
 12405 | D:8      | Noticed a two-headed ogre
 12417 | D:8      | Killed a two-headed ogre
 12843 | D:8      | Found Somnomeh's General Store.
 13139 | D:9      | Found a staircase to the Lair.
 13139 | D:9      | Noticed a death yak
 13139 | D:9      | Noticed a death yak
 13141 | D:9      | Noticed a death yak
 13141 | D:9      | Noticed a death yak
 13141 | D:9      | Noticed a death yak
 13141 | D:9      | Noticed a death yak
 13142 | D:9      | Noticed a death yak
 13143 | D:9      | Noticed a death yak
 13153 | D:8      | Killed a death yak
 13155 | D:8      | Killed a death yak
 13156 | D:8      | Reached XP level 11. HP: 13/81 MP: 0/0
 13156 | D:8      | Learned a level 5 spell: Iskenderun's Battlesphere
 13475 | D:9      | Mangled by a death yak

Illustrated notes

Levels and vault maps discovered:
D:1:      dpeg_arrival_lava_altar, layout_rooms
D:2:      minmay_evil_eye, layout_loops_cross
D:3:      wander_river, layout_loops_ring, lemuel_crystal_altar,
          ebering_ghost_gozag, st_stairs_7, uniq_natasha
D:4:      layout_cave_pools, gammafunk_temple_overflow_elements
D:5:      layout_basic, nicolae_ossuary_entry_monument, fedhas_altar_4,
          uniq_menkaure, uniq_sigmund
D:6:      layout_rooms, nicolae_elyvilon_temple_path, serial_shops,
          nicolae_shop_statue_plus, uniq_maggie, uniq_grinder,
          uniq_blork_the_orc, uniq_eustachio
D:7:      layout_cave_pools, tgw_trog, gammafunk_temple_overflow_wave,
          minmay_temple_entry_statues_pillars, nicolae_ru_awakened_eye
D:8:      layout_basic, serial_shops, kennysheep_little_box
D:9:      layout_irregular_city, kennysheep_mini_moat, dpeg_lair_monsters,
          hiddenorc2_lemuel, basic_altar, grunt_decor_mini_mirrors, minivault_12

Skill      XL: |  1  2  3  4  5  6  7  8  9 10 |
---------------+-------------------------------+-----
Spellcasting   | 3 4 5 6 7 8 |  8.1
Stealth        | 2 |  2.1
Fighting       | 1 2 3 4 5 6 8 |  8.2
Long Blades    | 1 2 3 5 6 7 |  7.5
Armour         | 2 4 6 |  6.6
Dodging        | |  2.4

Action                   |  1- 3 |  4- 6 |  7- 9 | 10-12 || total
-------------------------+-------+-------+-------+-------++-------
Melee: War axe           |    11 |       |       |       ||    11
       Falchion          |       |    44 |     6 |    21 ||    71
       Staff             |       |       |    43 |       ||    43
       Long sword        |       |       |       |     3 ||     3
 Cast: Foxfire           |    81 |    32 |    75 |    11 ||   199
       Inner Flame       |     1 |     2 |     7 |    19 ||    29
       Sticky Flame      |       |     6 |    43 |    11 ||    60
       Blink             |       |     2 |       |       ||     2
       Fireball          |       |       |     5 |    23 ||    28
       Freeze            |       |       |     2 |     2 ||     4
       Mephitic Cloud    |       |       |     2 |     2 ||     4
       Conjure Flame     |       |       |       |     1 ||     1
Evoke: Wand              |       |       |     2 |     1 ||     3
  Use: Scroll            |       |     3 |       |     4 ||     7
       Potion            |       |     2 |     8 |       ||    10
 Stab: Sleeping          |     1 |     4 |     2 |       ||     7
       Distracted        |     1 |       |       |       ||     1
Armor: Robe              |     7 |    13 |    19 |       ||    39
       Steam dragon scal |       |       |     6 |    33 ||    39
       Skin              |       |       |     4 |       ||     4
Dodge: Dodged            |    16 |    41 |    76 |    32 ||   165
       Rpst.: Falchion   |     1 |    12 |     4 |     5 ||    22

Table legend: (Time is in decaauts)
 A = Elapsed time spent in this place.
 B = Non-inter-level travel time spent in this place.
 C = Inter-level travel time spent in this place.
 D = Time resting spent in this place.
 E = Time spent auto-exploring this place.
 F = Levels seen in this place.
 G = Mean time per level.
                   A        B        C        D        E       F      G
               +--------+--------+--------+--------+--------+-----+--------+
         Total |  13509 |  13185 |    324 |   4572 |   7043 |  10 | 1350.9 |
       Dungeon |  12854 |  12530 |    324 |   4349 |   6707 |   9 | 1428.2 |
       Ossuary |    655 |    655 |      0 |    223 |    336 |   1 |  655.0 |
               +--------+--------+--------+--------+--------+-----+--------+

Top non-repeatable levels by time:
     D:3: 2670 daAuts
     D:5: 2182 daAuts
     D:2: 2056 daAuts
     D:8: 1507 daAuts
     D:6: 1417 daAuts
     D:7: 1375 daAuts
     D:1: 1121 daAuts
 Ossuary: 655 daAuts
     D:4: 492 daAuts
     D:9: 30 daAuts
